 Dungeon Crawl Stone Soup version 0.28-a0-1389-gc726bef33b (webtiles) character file.

Game seed: 10579497592399337635

102 Conn the Sneak (level 4, -1/27 HPs)
             Began as an Octopode Fire Elementalist on Jan 3, 2022.
             Slain by an adder (4 damage)
             ... on level 5 of the Dungeon.
             The game lasted 00:06:43 (4012 turns).

Conn the Sneak (Octopode Fire Elementalist)         Turns: 4012, Time: 00:06:43

Health: -1/27      AC:  1    Str:  5 (7)  XL:     4   Next: 77%
Magic:  7/7        EV: 13    Int: 22 (25) God:
Gold:   94         SH:  0    Dex: 10 (12) Spells: 7/8 levels left

rFire   . . .      SeeInvis .   f - +0 short sword (protect)
rCold   . . .      Faith    .   (no shield)
rNeg    . . .      Spirit   .   (helmet restricted)
rPois   .          Reflect  .   (no amulet)
rElec   .          Harm     .   a - ring of resist corrosion
rCorr   +          Rampage  .   g - +6 ring of intelligence
Will    .....                   (no ring)
Stlth   +++.......              (no ring)
HPRegen 0.09/turn               (no ring)
MPRegen 0.10/turn               (no ring)
                                (no ring)
                                (no ring)

@: no status effects
A: almost no armour, amphibious, 8 rings, camouflage 1, gelatinous body 1,
(nimble swimmer 1), tentacles
a: no special abilities


You were on level 5 of the Dungeon.
You visited 1 branch of the dungeon, and saw 5 of its levels.

You collected 94 gold pieces.

Inventory:

Hand Weapons
 b - a +0 dagger
 f - a +0 short sword of protection (weapon)
Missiles
 e - 12 poisoned darts
Armour
 o - an orb of mayhem
Jewellery
 a - a ring of resist corrosion (left tentacle)
 g - a +6 ring of intelligence (right tentacle)
Wands
 m - a wand of iceblast (13)
Scrolls
 k - 3 scrolls of fear {unknown}
Potions
 i - a potion of magic


   Skills:
 + Level 0.2 Fighting
 + Level 0.9 Short Blades
 + Level 2.3 Dodging
 + Level 3.9 Stealth
 + Level 2.5 Spellcasting
 + Level 1.5 Conjurations
 + Level 3.9 Fire Magic


You had 7 spell levels left.
You knew the following spells:

 Your Spells              Type           Power      Damage    Failure   Level
a - Foxfire               Conj/Fire      56%        2x1d6     4%          1

Your spell library contained the following spells:

 Spells                   Type           Power      Damage    Failure   Level
 Scorch                   Fire           40%        2d7       4%          2
 Conjure Flame            Conj/Fire      14%        6-21      13%         3
 Inner Flame              Hex/Fire       11%        N/A       17%         3
 Gell's Gravitas          Tloc           2%         N/A       36%         3
 Lesser Beckoning         Tloc           2%         N/A       36%         3
 Teleport Other           Tloc           2%         N/A       36%         3
 Flame Wave               Conj/Fire      14%        2d5       38%         4


Dungeon Overview and Level Annotations

Branches:
Dungeon (5/15)             Temple (0/1) D:4

Altars:


Innate Abilities, Weirdness & Mutations

You cannot wear most types of armour.
You are amphibious.
You can wear up to eight rings at the same time.
Your skin changes colour to match your surroundings (Stealth+).
Your rubbery body absorbs attacks. (AC +1, EV +1)
((You are camouflaged when in or above water. (Stealth+)))
You have tentacles for arms and can constrict up to eight enemies at once.


Message History

There is a stone staircase leading down here.
You feel sick.
The howler monkey howls!
The endoplasm quivers.
The adder barely misses you.
You climb downwards.
Found 20 stones.
There is a stone staircase leading up here.
Unknown command.
Casting: Foxfire (safe; 3% risk of failure)
Confirm with . or Enter, or press ? or * to list all spells.
Okay, then.
Unknown command.
Unknown command.
Unknown command.
It was a potion of degeneration.
There was something very wrong with that liquid.
You feel weakened.
You feel dopey.
You feel clumsy.
You feel sick. The adder closely misses you.
You hit the adder but do no damage. Your grab misses the adder.
You feel sick. The adder bites you. x2
* * * LOW HITPOINT WARNING * * *
Okay, then.
As you read the scroll labelled KEELAPR XINOITT, it crumbles to dust.
It is a scroll of brand weapon.
Your +0 short sword projects an invisible shield of force!
f - a +0 short sword of protection (weapon)
You feel sick.
You are no longer poisoned.
The adder barely misses you.
You barely miss the adder. Your grab misses the adder. The adder misses you.
You barely miss the adder. Your grab misses the adder.
The adder barely misses you. The adder bites you.
* * * LOW HITPOINT WARNING * * *
You barely miss the adder. You grab the adder. You constrict the adder.
The adder closely misses you.
You barely miss the adder.
The adder is lightly wounded.
You constrict the adder. The adder bites you.
You die...

#.#
#.#
#(#
#.#
#.#
#.#
#S#
#@#
###


You could see an adder.

Vanquished Creatures
  A hound skeleton (D:2)
  2 adders
  2 dart slugs (D:2)
  An orc (D:4)
  7 endoplasms
  3 giant cockroaches
  6 goblins
  7 hobgoblins
  4 jackals (D:2)
  3 quokkas (D:3)
  3 ball pythons
  6 bats
  4 frilled lizards
  6 kobolds
  5 rats
60 creatures vanquished.

Vanquished Creatures (others)
  169 foxfires
169 creatures vanquished.

Grand Total: 229 creatures vanquished

Notes
Turn   | Place    | Note
-------+----------+-------------------------------------------
     0 | D:1      | Conn the Octopode Fire Elementalist began the quest for the
                  | Orb.
     0 | D:1      | Reached XP level 1. HP: 11/11 MP: 3/3
   260 | D:1      | Reached XP level 2. HP: 17/17 MP: 1/5
  1518 | D:2      | Reached XP level 3. HP: 7/21 MP: 2/6
  2412 | D:2      | Identified the +1 ring mail of Dust Devil {Rampage rC++
                  | Str-4 Stlth+}
  2487 | D:2      | Reached XP level 4. HP: 27/27 MP: 1/7
  3950 | D:4      | Found a staircase to the Ecumenical Temple.
  4005 | D:5      | Entered Level 5 of the Dungeon
  4012 | D:5      | Slain by an adder

Illustrated notes

Levels and vault maps discovered:
D:1:      sevenhm_arrival_forest_fort_large_2, layout_loops_corners, st_stairs_3
D:2:      layout_basic, minmay_stone_trees_medium, grunt_decor_cap,
          minmay_misc_feat_secret_circle
D:3:      layout_basic, st_stairs_10
D:4:      layout_rooms, minmay_temple_entry_statues_pillars, grunt_ministairs_3
D:5:      kennysheep_spiral_hall, layout_basic, serial_undead, serial_undead_d,
          serial_undead_f, serial_undead_b, serial_undead_a, serial_undead_d,
          serial_undead_d

Skill      XL: |  1  2 |
---------------+-------+-----
Stealth        | 3 |  3.9
Fighting       | |  0.2
Short Blades   | |  0.9
Dodging        | |  2.3
Spellcasting   | |  2.5
Conjurations   | |  1.5
Fire Magic     | |  3.9

Action                   |  1- 3 |  4- 6 || total
-------------------------+-------+-------++-------
Melee: Dagger            |    15 |       ||    15
       Tentacles         |     4 |     4 ||     8
       Constrict         |     3 |     4 ||     7
       Short sword       |     7 |    18 ||    25
 Cast: Foxfire           |    60 |    38 ||    98
  Use: Potion            |       |     4 ||     4
       Scroll            |       |     3 ||     3
 Stab: Sleeping          |     4 |     1 ||     5
Armor: Skin              |     3 |       ||     3
Dodge: Dodged            |    19 |    25 ||    44

Table legend: (Time is in decaauts)
 A = Elapsed time spent in this place.
 B = Non-inter-level travel time spent in this place.
 C = Inter-level travel time spent in this place.
 D = Time resting spent in this place.
 E = Time spent auto-exploring this place.
 F = Levels seen in this place.
 G = Mean time per level.
                   A        B        C        D        E       F      G
               +--------+--------+--------+--------+--------+-----+--------+
         Total |   4011 |   3955 |     56 |      0 |   3261 |   5 |  802.2 |
       Dungeon |   4011 |   3955 |     56 |      0 |   3261 |   5 |  802.2 |
               +--------+--------+--------+--------+--------+-----+--------+

Top non-repeatable levels by time:
     D:2: 1749 daAuts
     D:1: 1501 daAuts
     D:3: 641 daAuts
     D:4: 112 daAuts
     D:5: 7 daAuts
